 Dungeon Crawl Stone Soup version 0.20.1-1-g8b1a95d (webtiles) character file.

3894 vatarom the Martial Artist (level 10, -5/81 HPs)
             Began as a Black Draconian Transmuter on Sept 20, 2017.
             Was a Priest of Qazlal.
             Slain by a two-headed ogre
             ... wielding a +0 giant club
              (14 damage)
             ... on level 8 of the Dungeon.
             The game lasted 00:22:39 (9031 turns).

vatarom the Martial Artist (DrTm)                   Turns: 9031, Time: 00:22:40

Health: -5/81      AC: 10    Str: 13    XL:     10   Next: 0%
Magic:  8/14       EV: 12    Int: 14    God:    Qazlal [***...]
Gold:   253        SH: 11    Dex: 14    Spells: 3/13 levels left

rFire    . . .     SeeInvis .     - Unarmed
rCold    . . .     Gourm    .   p - +1 buckler
rNeg     . . .     Faith    .   (armour unavailable)
rPois    +         Spirit   .   (helmet restricted)
rElec    +         Reflect  .   x - +0 cloak
rCorr    .         Harm     .   (no gloves)
MR       .....                  w - +1 pair of boots
Stlth    +.........             (no amulet)
Regen    0.3/turn               s - ring of poison resistance
MPRegen  0.2/turn               (no ring)

@: short of breath
A: breathe lightning, unfitting armour, electricity resistance, cold-blooded, AC
+7
a: Breathe Lightning, Upheaval, Elemental Force, Renounce Religion


You were on level 8 of the Dungeon.
You worshipped Qazlal.
Qazlal was most pleased with you.
You were not hungry.

You visited 2 branches of the dungeon, and saw 9 of its levels.

You collected 253 gold pieces.

Inventory:

Missiles
 e - 76 arrows
Armour
 p - a +1 buckler (worn)
 w - a +1 pair of boots (worn)
 x - a +0 cloak (worn)
Jewellery
 s - a ring of poison resistance (left hand)
Wands
 u - a wand of clouds (0/9)
Scrolls
 a - a scroll of enchant armour
 d - 7 scrolls of identify
 g - a scroll of recharging
 i - a scroll of remove curse
 l - 5 scrolls of teleportation
 n - a scroll of amnesia
Potions
 j - a potion of agility
 v - 2 potions of resistance
 z - a potion of brilliance
Books
 b - a book of Changes

   Spells                             Type                      Level
   a - Beastly Appendage              Transmutation                1
   b - Sticks to Snakes               Transmutation                2
   c - Spider Form                    Transmutation/Poison         3
   d - Ice Form                       Ice/Transmutation            4
   e - Blade Hands                    Transmutation                5
 t - a book of Necromancy

   Spells                             Type                      Level
   a - Pain                           Necromancy                   1
   b - Animate Skeleton               Necromancy                   1
   c - Vampiric Draining              Necromancy                   3
   d - Regeneration                   Charms/Necromancy            3
   e - Animate Dead                   Necromancy                   4
   f - Control Undead                 Necromancy                   4
Comestibles
 c - 4 bread rations
 f - 3 meat rations
 h - 12 fruits
 k - 5 chunks of flesh
 m - 4 royal jellies


   Skills:
 + Level 5.5 Fighting
 - Level 1.7 Dodging
 - Level 4.9 Shields
 * Level 9.1 Unarmed Combat
 - Level 2.0 Spellcasting
 + Level 6.5 Transmutations
 - Level 3.3 Ice Magic
 + Level 5.7 Invocations


You had 3 spell levels left.
You knew the following spells:

 Your Spells              Type           Power        Failure   Level  Hunger
a - Beastly Appendage     Tmut           ###...       1%          1    ##.....
b - Sticks to Snakes      Tmut           ###.....     2%          2    ###....
c - Spider Form           Tmut/Pois      ##........   19%         3    ####...
d - Ice Form              Ice/Tmut       ###.....     30%         4    #####..


Dungeon Overview and Level Annotations

Branches:
Dungeon (8/15)             Temple (1/1) D:4
   Lair: D:8-11

Altars:
Ashenzari
Cheibriados
Dithmenos
Elyvilon
Fedhas
Gozag
Hepliaklqana
Kikubaaqudgha
Makhleb
Nemelex Xobeh
Okawaru
Qazlal
Ru
Sif Muna
Trog
Uskayaw
Vehumet
Xom
Yredelemnul
Zin


Innate Abilities, Weirdness & Mutations

You can breathe wild blasts of lightning.
Your glossy black scales are hard. (AC +7)
You cannot fit into any form of body armour.
You are resistant to electric shocks. (rElec)
You are cold-blooded and may be slowed by cold attacks.


Message History

Okay, then.
Okay, then.
You breathe a wild blast of lightning!
You hear a mighty clap of thunder!
The bolt of lightning misses you. x2; The zap hits the two-headed ogre.
The two-headed ogre is almost dead.
You feel somewhat more hungry. The two-headed ogre closely misses you.
You block the two-headed ogre's attack.
Unknown command.
Unknown command.
Unknown command.
Evoke which item? (* to show all) (? for menu, Esc to quit)
Aiming: Cloud Cone
Press: ? - help, Dir - move target cursor, f/p - two-headed ogre
Aim: a two-headed ogre, wielding two giant clubs (almost dead)
You create a blast of noxious fumes!
This wand has 0 charges left.
The two-headed ogre is engulfed in noxious fumes.
The two-headed ogre appears confused.
The two-headed ogre hits you with a giant club!
You die...

#.....#.###.)###
##### #......#
### #####.##
##.## #.#
##.#.######.#
#.#.........#
#.....#######
#.#.#.#
#.##.#@#.#
#...§O§#.#
####§###.# #.#
#.# #.. ..# ###


You could see a two-headed ogre (confused).

Vanquished Creatures
  Pikel (D:8)
  A troll (D:7)
  The ghost of vatarom the Ruffian, an amateur DrTm (D:4)
  Prince Ribbit (D:6)
  2 orc warriors
  A black bear (D:7)
  2 ice beasts
  5 ogres
  The ghost of vatarom the Ruffian, an amateur DrTm of Ashenzari (D:3)
  2 centaurs
  Blork the orc (D:6)
  A gnoll sergeant (D:5)
  2 bullfrogs (D:6)
  3 scorpions
  3 crimson imps
  6 hounds
  5 orc priests
  A centaur skeleton (D:8)
  A jelly (D:8)
  An iguana (D:6)
  8 orc wizards
  4 worker ants
  2 hound skeletons
  A worker ant zombie (D:3)
  10 adders
  4 gnolls (D:5)
  2 oozes (D:3)
  An adder zombie (D:5)
  2 worms
  3 dart slugs
  8 leopard geckos
  32 orcs
  7 giant cockroaches
  4 goblins
  8 hobgoblins
  6 jackals
  7 quokkas
  4 ball pythons
  7 bats
  4 frilled lizards
  A giant cockroach zombie (D:5)
  A jackal skeleton (D:7)
  A kobold (D:1)
  3 leopard gecko skeletons
  10 rats
181 creatures vanquished.

Vanquished Creatures (collateral kills)
  An orc wizard (D:4)
  A worker ant (D:4)
  2 adders
  3 jackals (D:3)
7 creatures vanquished.

Vanquished Creatures (others)
  A phantom (D:8)
  An orc (D:8)
2 creatures vanquished.

Grand Total: 190 creatures vanquished

Notes
Turn   | Place    | Note
-------+----------+-------------------------------------------
     0 | D:1      | vatarom the Draconian Transmuter began the quest for the Orb.
     0 | D:1      | Reached XP level 1. HP: 16/16 MP: 3/3
   451 | D:1      | Reached XP level 2. HP: 17/23 MP: 5/5
   670 | D:1      | Learned a level 2 spell: Sticks to Snakes
  1015 | D:1      | Found a white marble altar of Elyvilon.
  1204 | D:2      | Found a faded altar of an unknown god.
  1219 | D:2      | Became a worshipper of Qazlal Stormbringer
  1219 | D:2      | Reached * piety under Qazlal
  1310 | D:2      | Reached XP level 3. HP: 27/29 MP: 6/6
  1494 | D:2      | Learned a level 3 spell: Spider Form
  2034 | D:2      | Reached skill level 1 in Invocations
  2099 | D:2      | Found an opulent altar of Gozag.
  2363 | D:3      | Found a radiant altar of Vehumet.
  2363 | D:3      | Found a basalt altar of Yredelemnul.
  2396 | D:3      | Reached skill level 4 in Unarmed Combat
  2408 | D:3      | Reached XP level 4. HP: 30/36 MP: 7/7
  2803 | D:3      | Reached ** piety under Qazlal
  2969 | D:3      | Reached XP level 5. HP: 42/42 MP: 2/8
  3010 | D:3      | Noticed vatarom's ghost (amateur DrTm)
  3217 | D:3      | Killed vatarom's ghost
  3394 | D:3      | Reached XP level 6. HP: 51/51 MP: 9/9
  3690 | D:4      | Found a staircase to the Ecumenical Temple.
  3692 | D:4      | Noticed vatarom's ghost (amateur DrTm)
  3696 | D:4      | Reached skill level 5 in Unarmed Combat
  3749 | D:4      | Killed vatarom's ghost
  3749 | D:4      | Your scales start taking on a glossy black colour.
  3749 | D:4      | Reached XP level 7. HP: 15/58 MP: 7/10
  3749 | D:4      | Gained mutation: You are resistant to electric shocks. (rElec) [Black Draconian growth]
  4357 | D:4      | Reached skill level 6 in Unarmed Combat
  4462 | Temple   | Entered the Ecumenical Temple
  4667 | D:4      | Learned a level 4 spell: Ice Form
  5209 | D:4      | Reached *** piety under Qazlal
  5210 | D:4      | Reached skill level 5 in Transmutations
  5777 | D:5      | Entered Level 5 of the Dungeon
  6141 | D:5      | Reached XP level 8. HP: 31/66 MP: 5/11
  6361 | D:5      | Reached skill level 1 in Shields
  6361 | D:5      | Reached skill level 1 in Ice Magic
  6837 | D:6      | Noticed Blork the orc
  6845 | D:6      | Killed Blork the orc
  7046 | D:6      | Noticed Prince Ribbit
  7058 | D:6      | Killed Prince Ribbit
  7058 | D:6      | Reached skill level 7 in Unarmed Combat
  7516 | D:7      | Reached XP level 9. HP: 71/71 MP: 4/12
  7774 | D:7      | Found a sparkling altar of Nemelex Xobeh.
  7823 | D:7      | Noticed a troll
  7838 | D:6      | HP: 4/86 [orc (2)]
  8618 | D:7      | Killed a troll
  8618 | D:7      | Reached skill level 8 in Unarmed Combat
  8684 | D:7      | Reached skill level 5 in Invocations
  8827 | D:8      | Reached skill level 5 in Fighting
  8840 | D:8      | Reached **** piety under Qazlal
  8850 | D:8      | Noticed Pikel
  8856 | D:8      | Killed Pikel
  8859 | D:8      | Reached skill level 9 in Unarmed Combat
  8938 | D:8      | Reached XP level 10. HP: 28/81 MP: 9/14
  9012 | D:8      | Noticed a two-headed ogre
  9031 | D:8      | Slain by a two-headed ogre

Skill      XL: |  1  2  3  4  5  6  7  8  9 |
---------------+----------------------------+-----
Invocations    | 1 2 3 4 5 |  5.7
Unarmed Combat | 4 5 6 7 9 |  9.1
Fighting       | 2 3 4 5 |  5.5
Transmutations | 3 5 6 |  6.5
Shields        | 4 |  4.9
Ice Magic      | 3 |  3.3
Dodging        | |  1.7
Spellcasting   | |  2.0

Action                   |  1- 3 |  4- 6 |  7- 9 | 10-12 || total
-------------------------+-------+-------+-------+-------++-------
Melee: Unarmed           |   171 |   157 |   380 |     2 ||   710
       Tailslap          |    15 |    23 |    39 |       ||    77
       Kick              |     2 |       |       |       ||     2
       Punch             |     1 |     2 |     2 |       ||     5
       Headbutt          |       |     1 |       |       ||     1
 Cast: Beastly Appendage |     4 |     1 |     1 |       ||     6
       Sticks to Snakes  |     2 |    10 |     3 |       ||    15
       Spider Form       |       |     2 |    10 |       ||    12
       Ice Form          |       |       |     7 |     1 ||     8
Invok: Upheaval          |       |     1 |     3 |     1 ||     5
 Abil: Breathe Lightning |       |       |     4 |     1 ||     5
       End Transformatio |       |       |     2 |     1 ||     3
Evoke: Wand              |       |       |     2 |     2 ||     4
  Use: Scroll            |     2 |     3 |    11 |       ||    16
       Potion            |     1 |     4 |     2 |       ||     7
  Eat: Chunk             |     5 |     5 |    11 |       ||    21
       Meat ration       |       |       |     1 |       ||     1
       Bread ration      |       |       |     2 |       ||     2
Armor: Skin              |    51 |    53 |    66 |       ||   170
Dodge: Dodged            |   117 |   112 |   178 |     7 ||   414
       Deflected         |       |       |     1 |       ||     1
Block: Other             |     5 |    15 |    36 |       ||    56
       Buckler           |       |       |    28 |     1 ||    29
